 Dungeon Crawl Stone Soup version 0.30.0-29-ga12c61a403 (webtiles) character file.

Game seed: 12836220107851217328

1241 Bnni the Geomancer (level 8, -1/60 HPs)
             Began as a Formicid Earth Elementalist on June 14, 2023.
             Engulfed by a cloud of flame (25 damage)
             ... on level 5 of the Dungeon.
             The game lasted 00:09:33 (4481 turns).

Bnni the Geomancer (Formicid Earth Elementalist)    Turns: 4481, Time: 00:09:33

Health: -1/60      AC:  5    Str: 12    XL:     8   Next: 78%
Magic:  14/14      EV: 10    Int: 18    God:
Gold:   350        SH:  0    Dex: 14    Spells: 6/16 levels left

rFire   . . .        q - +8 club
rCold   . . .        h - orb {light}
rNeg    . . .        c - +0 ring mail
rPois   .            (helmet unavailable)
rElec   .            (no cloak)
rCorr   .            (no gloves)
SInv    +            (no boots)
Will    +....        k - amulet of regeneration
Stlth   +            i - ring of willpower
HPRegen 1.10/turn    (no ring)
MPRegen 0.14/turn

%: no passive effects
@: glowing
A: permanent stasis, dig shafts and tunnels, antennae 3, four strong arms
a: Dig, Shaft Self


You were on level 5 of the Dungeon.
You visited 1 branch of the dungeon, and saw 5 of its levels.
You also visited: Sewer.

You collected 350 gold pieces.

Inventory:

Hand Weapons
 q - a +8 club (weapon)
Missiles
 j - 19 poisoned darts
 w - a throwing net
 A - 2 curare-tipped darts
Armour
 a - a +0 robe
 c - a +0 ring mail (worn)
 h - an orb of light (worn)
 s - a +0 scale mail
 x - a +0 plate armour
Jewellery
 i - a ring of willpower (left hand)
 k - an amulet of regeneration (around neck)
Scrolls
 e - a scroll of fear {unknown}
 f - 2 scrolls of blinking {unknown}
 g - 4 scrolls of teleportation {unknown}
 l - 2 scrolls of enchant armour {unknown}
 m - a scroll of amnesia {unknown}
 r - a scroll of enchant weapon {unknown}
 t - 2 scrolls of fog {unknown}
 y - a scroll of silence {unknown}
 z - a scroll of noise {unknown}
Potions
 b - 4 potions of magic
 d - 2 potions of resistance
 n - 2 potions of curing
 o - a potion of attraction {unknown}
 p - a potion of flight
 u - 2 potions of brilliance
 v - a potion of degeneration {unknown}
 C - a potion of invisibility {unknown}
 D - a potion of heal wounds {unknown}


   Skills:
 + Level 4.3 Fighting
 + Level 3.1 Armour
 - Level 1.7 Dodging
 - Level 2.4 Stealth
 + Level 4.5 Spellcasting
 - Level 3.0 Conjurations
 - Level 3.0 Transmutations
 * Level 8.0 Earth Magic


You had 6 spell levels left.
You knew the following spells:

 Your Spells              Type           Power      Damage    Failure   Level
a - Sandblast             Erth           66%        2d15      1%          1
b - Passwall              Tmut/Erth      19%        N/A       4%          2
c - Stone Arrow           Conj/Erth      46%        3d9       10%         3
d - Petrify               Tmut/Erth      23%        N/A       30%         4

Your spell library contained the following spells:

 Spells                   Type           Power      Damage    Failure   Level
 Static Discharge         Conj/Air       18%        2-3/arc   24%         2
 Airstrike                Air            2%         2d(1-17)  96%         4
 Summon Lightning Spire   Summ/Air       4%         N/A       96%         4


Dungeon Overview and Level Annotations

Branches:
Dungeon (5/15)              Sewer (visited)
 Temple: D:4-7

Altars:

Shops:
D:2 ?


Innate Abilities, Weirdness & Mutations

You cannot be hasted, slowed, berserked, paralysed or teleported.
You can dig through walls and to a lower floor.
You have a pair of large antennae on your head. (SInv)
Your four strong arms can wield two-handed weapons with a shield.


Message History

a +0 short sword; a +0 leather armour; an orc corpse
Found a stone staircase leading down.
You see here a +0 falchion.
D - a glowing silvery potion You pick up a book of Storms and begin reading...
You add the spells Static Discharge, Airstrike and Summon Lightning Spire to your library.
You now have 276 gold pieces (gained 15).
You sense a monster nearby.
Okay, then.
You now have 286 gold pieces (gained 10).
E - a scroll of identify You're in a travel-excluded area, stopping explore.
As you read the scroll of identify, it crumbles to dust.
B - 3 potions of haste You drop 3 potions of haste.
Really walk into that cloud of flame?
Okay, then.
Okay, then.
Okay, then.
Really walk into a travel-excluded area?
You are engulfed in blazing flames.
You are engulfed in blazing flames.
You are engulfed in blazing flames.
* * * LOW HITPOINT WARNING * * *
You now have 300 gold pieces (gained 14).
You now have 317 gold pieces (gained 17).
You now have 333 gold pieces (gained 16).
You now have 340 gold pieces (gained 7).
You now have 350 gold pieces (gained 10).
You start resting.
HP restored.
Press: ? - help, v - describe, . - travel, g - get item Item here: a runed scarf.
The floor.
There is a cloud of flame here.
Really walk into a travel-excluded area?
You are engulfed in blazing flames.
You are engulfed in blazing flames.
You are engulfed in blazing flames.
You die...

#.§○# #
######...###### #
##.§§§.....§§☼.## #
#..☼§☼.....☼§☼... #
#.!○☼○.....°°☼.#.
#.#####...#####.. #.#
#§§☼# . # #.# #○§○# +
#.# #@§§# # #.# #...#
#.### #..## { #...#
#.######### ###.#
#.........##+#
#.###.........##.#####
#.........###.#......#
##.##..##.###.#..###.#
#.##......##.#...##.#


There were no monsters in sight!

Vanquished Creatures
  Grinder (D:4)
  Sigmund (D:3)
  A water moccasin (D:5)
  A phantom (D:5)
  4 kobold brigands (Sewer)
  Blork the orc (D:5)
  Jessica (D:2)
  Natasha (D:3)
  2 iguanas
  An orc wizard (D:5)
  Robin (D:4)
  3 adders
  3 river rats (Sewer)
  A shadow imp (D:5)
  2 ufetubi
  2 worms
  4 dart slugs
  9 orcs
  14 ball pythons
  8 bats
  6 endoplasms
  2 giant cockroaches (D:5)
  16 hobgoblins
  20 kobolds
  4 quokkas
  6 frilled lizards
  11 goblins
  25 rats
151 creatures vanquished.

Notes
Turn   | Place    | Note
-------+----------+-------------------------------------------
     0 | D:1      | Bnni the Formicid Earth Elementalist began the quest for
                  | the Orb.
     0 | D:1      | Reached XP level 1. HP: 13/13 MP: 3/3
   193 | D:1      | Reached XP level 2. HP: 19/19 MP: 1/5
   585 | D:1      | Found a faded altar of an unknown god.
  1076 | D:2      | Noticed Jessica
  1078 | D:2      | Reached XP level 3. HP: 25/25 MP: 4/6
  1087 | D:2      | Killed Jessica
  1088 | D:2      | Reached skill level 1 in Conjurations
  1088 | D:2      | Reached skill level 4 in Earth Magic
  1153 | D:2      | Reached skill level 1 in Fighting
  1172 | D:2      | Reached XP level 4. HP: 30/32 MP: 7/7
  1288 | D:2      | Found Mikhuvei's Magic Scroll Shoppe.
  1331 | D:2      | Learned a level 2 spell: Passwall
  1335 | D:2      | Learned a level 3 spell: Stone Arrow
  1552 | D:3      | Noticed Sigmund
  1557 | D:3      | Killed Sigmund
  1558 | D:3      | Reached skill level 5 in Earth Magic
  1558 | D:3      | Reached XP level 5. HP: 23/38 MP: 2/9
  1558 | D:3      | Reached XP level 6. HP: 27/44 MP: 2/10
  1982 | D:3      | Noticed Natasha
  1985 | D:3      | Killed Natasha
  2317 | D:4      | Noticed Grinder
  2330 | D:4      | Killed Grinder
  2331 | D:4      | Reached skill level 6 in Earth Magic
  2331 | D:4      | Reached XP level 7. HP: 51/51 MP: 1/12
  2689 | D:4      | Noticed Robin
  2694 | D:4      | Killed Robin
  3344 | D:4      | Learned a level 4 spell: Petrify
  3365 | D:5      | Entered Level 5 of the Dungeon
  3370 | D:5      | Identified the +3 leather armour "Cefyxo Xyiv" {rC- Will+++
                  | MP-9 Stlth+}
  3409 | D:5      | Noticed Blork the orc
  3414 | D:5      | Killed Blork the orc
  3415 | D:5      | Reached skill level 1 in Armour
  3481 | D:5      | Noticed a water moccasin
  3485 | D:5      | Killed a water moccasin
  3486 | D:5      | Reached XP level 8. HP: 53/58 MP: 9/13
  3579 | D:5      | Reached skill level 7 in Earth Magic
  3743 | D:5      | Found a glowing drain.
  3754 | Sewer    | Entered a sewer
  4284 | D:5      | Reached skill level 8 in Earth Magic
  4420 | D:5      | HP: 2/60 [something (20)]
  4481 | D:5      | Engulfed by a cloud of flame

Illustrated notes

Levels and vault maps discovered:
D:1:      lightli_arrival_statue_moat, layout_loops_cross,
          basic_ecumenical_altar, minmay_split_cup_large
D:2:      layout_basic, serial_shops, shop, uniq_jessica
D:3:      layout_loops_cross, uniq_natasha, uniq_sigmund
D:4:      layout_layer_cave, uniq_robin, uniq_grinder
D:5:      minmay_inner_zag, layout_loops_corners,
          nicolae_gozag_zags_fifth_avenue, mainiacjoe_overflow_alcove_1,
          minmay_temple_entry_water_ring, cheibrodos_sewer_entry_drain,
          lemuel_flame_loot_1, uniq_blork_the_orc

Skill      XL: |  1  2  3  4  5  6  7  8 |
---------------+-------------------------+-----
Conjurations   | 1 2 3 |  3.0
Transmutations | 2 3 |  3.0
Earth Magic    | 4 5 6 8 |  8.0
Fighting       | 1 2 3 4 |  4.3
Spellcasting   | 3 4 |  4.5
Armour         | 1 3 |  3.1
Dodging        | |  1.7
Stealth        | |  2.4

Action                     |  1- 3 |  4- 6 |  7- 9 || total
---------------------------+-------+-------+-------++-------
  Melee: Dagger            |     8 |       |       ||     8
         Club              |     3 |    42 |    74 ||   119
   Cast: Sandblast         |    32 |    37 |    76 ||   145
         Passwall          |       |       |     4 ||     4
    Use: Scroll            |       |     4 |     2 ||     6
   Stab: Sleeping          |       |     1 |       ||     1
 Armour: Robe              |     6 |     4 |       ||    10
         Ring mail         |       |       |    50 ||    50
  Dodge: Dodged            |    15 |    46 |    83 ||   144
